 Dungeon Sprint DCSS version 0.30.1-9-gdf580d7c3d (webtiles) character file.

Game seed: 17363257286697087332

27672 Heoruswealwe the Archmage (level 13, -15/78 HPs)
             Began as a Deep Elf Summoner on Sept 28, 2023.
             Was an Initiate of Gozag.
             Demolished by an alligator snapping turtle (20 damage)
             ... in the Dungeon (Sprint IX: "|||||||||||||||||||||||||||||").
             The game lasted 00:53:09 (3081 turns).

Heoruswealwe the Archmage (Deep Elf Summoner)       Turns: 3081, Time: 00:53:11

Health: -15/78     AC: 14    Str:  5    XL:     13   Next: 5%
Magic:  41/46      EV: 20    Int: 34    God:    Gozag
Gold:   2398       SH:  0    Dex: 15    Spells: 46/66 levels left

rFire   . . .        b - +5 scimitar (flame)
rCold   . . .        (no shield)
rNeg    . . .        c - +4 robe of Folly {Brill Will-∞ Int+8}
rPois   .            g - +2 hat
rElec   .            h - +0 cloak
rCorr   .            f - +0 pair of gloves
SInv    .            e - +1 pair of boots
Will    .....        (no amulet)
Stlth   +            k - +2 ring of evasion
HPRegen 0.33/turn    j - +2 ring of protection
MPRegen 0.30/turn

%: no teleportation
@: mesmerised, invisible, very slow
A: no striking features
a: Renounce Religion, Potion Petition, Call Merchant, Bribe Branch


You were in the Dungeon.
You worshipped Gozag.
Gozag was most pleased with you.
You visited 1 branch You collected 9936 gold pieces.
You spent 3399 gold pieces at shops.
You paid 4139 gold pieces to Gozag.

Inventory:

Hand Weapons
 b - a +5 scimitar of flaming (weapon)
Armour
 c - the +4 robe of Folly (worn) {Brill Will-∞ Int+8}
   (You bought it in a shop in the Dungeon)

   Brill:     It increases the power of your magical spells and halves their MP
   cost (rounding up).
   Will-∞: It reduces your willpower to zero.
   Int:       It affects your intelligence (+8).
 e - a +1 pair of boots (worn)
 f - a +0 pair of gloves (worn)
 g - a +2 hat (worn)
 h - a +0 cloak (worn)
 q - a +2 robe of the Archmagi
Magical Staves
 o - a staff of cold
Jewellery
 j - a +2 ring of protection (right hand)
 k - a +2 ring of evasion (left hand)
Wands
 i - a wand of light (14)
 s - a wand of roots (3)
Scrolls
 l - 5 scrolls of amnesia
 r - a scroll of enchant armour
 u - 9 scrolls of identify
 v - a scroll of enchant weapon
 w - a scroll of blinking
Potions
 a - 5 potions of curing
 n - 4 potions of magic
 t - 2 potions of haste
 x - 2 potions of brilliance
Miscellaneous
 p - a box of beasts


   Skills:
 + Level 8.1 Fighting
 + Level 8.9 Long Blades
 + Level 11.9 Dodging
 - Level 2.4 Stealth
 O Level 27 Spellcasting
 * Level 23.6 Summonings


You had 46 spell levels left.
You knew the following spells:

 Your Spells              Type           Power      Damage    Failure   Level
a - Summon Small Mammal   Summ           100%       N/A       0%          1
b - Call Imp              Summ           100%       N/A       0%          2
c - Call Canine Familiar  Summ           100%       N/A       0%          3
d - Summon Guardian Gole  Hex/Summ       100%       N/A       0%          3
e - Summon Lightning Spi  Summ/Air       100%       N/A       1%          4
f - Spellforged Servitor  Conj/Summ      56%        N/A       3%          7

Your spell library contained the following spells:

 Spells                   Type           Power      Damage    Failure   Level
 Apportation              Tloc           100%       N/A       1%          1
 Necrotise                Necr           100%       1d9       1%          1
 Orb of Destruction       Conj           31%        9d10      98%         7


Dungeon Overview and Level Annotations

Branches:
Dungeon (1/1)

Altars:
Cheibriados
Dithmenos
Elyvilon
Fedhas
Gozag
Hepliaklqana
Kikubaaqudgha
Makhleb
Nemelex Xobeh
Okawaru
Qazlal
Ru
Sif Muna
Trog
Uskayaw
Vehumet
Wu Jian
Xom
Yredelemnul
Zin
The Shining One
Jiyva
Lugonu

Shops:
D ((*[*?=:*


Message History

The merfolk hits your lightning spire but does no damage.
The alligator snapping turtle bites you from afar!!!
* * * LOW HITPOINT WARNING * * *
You feel better.
You are engulfed in a cloud of scalding steam.
The merfolk is engulfed in a cloud of scalding steam.
The merfolk hits your lightning spire from afar with a +0 trident.
The merfolk aquamancer hits you but does no damage.
The alligator snapping turtle is engulfed in a cloud of scalding steam.
The alligator snapping turtle closely misses you.
You slash the merfolk aquamancer! You burn the merfolk aquamancer.
The merfolk aquamancer is severely wounded.
You are engulfed in a cloud of scalding steam.
* * * LOW HITPOINT WARNING * * *
The merfolk hits your lightning spire from afar with a +0 trident.
The merfolk aquamancer gestures wildly while chanting.
The merfolk aquamancer blinks!
You closely miss the merfolk aquamancer.
The merfolk aquamancer is severely wounded.
You are engulfed in a cloud of scalding steam.
* * * LOW HITPOINT WARNING * * *
The harpy screeches!
The merfolk siren chants a haunting song.
You are mesmerised by the merfolk siren!
The merfolk hits your lightning spire from afar with a +0 trident!
The alligator snapping turtle is engulfed in a cloud of scalding steam.
The alligator snapping turtle bites you but does no damage.
The merfolk aquamancer hits you with a +0 rapier of flaming.
* * * LOW HITPOINT WARNING * * *
The merfolk aquamancer burns you.
* * * LOW HITPOINT WARNING * * *
A cyclops comes into view.
You fade into invisibility!
You are engulfed in a cloud of scalding steam.
* * * LOW HITPOINT WARNING * * *
The merfolk siren chants its luring song.
The merfolk hits your lightning spire but does no damage.
The alligator snapping turtle bites you from afar!!
You die...
Your body crumbles into a pile of gold.

,,,,+,,,,,,,,,,,,,,,,,,,,,,,,,,,,
*********************************
,,,,,,,,,,,,,,,,,,,,,,,,,,,,,,,,,
*********************************
,,,,,,,,,+,,,,,,,,,,,,,,,,,,+,,,,
*********************************
,,,,,,,,,,,,,,,,,,,,,,,,,,,,,,,,,
▓▓▓▓▓▓▓▓▓▓▓▓▓▓▓▓▓▓▓▓▓▓▓▓*********
..).)).'......~m@8tmmcHC,,,+,,,,,
▓▓▓▓▓▓▓▓▓▓▓▓▓▓▓▓▓▓▓▓▓▓▓▓▓▓▓♣♣♣♣♣♣
.................................
▓▓▓▓▓▓▓▓▓▓▓▓▓▓▓▓▓▓▓▓▓▓▓▓▓▓▓▓▓▓▓▓▓
.'====.)))))))).[[.[[[[?........)
▓▓▓▓▓▓▓▓▓▓▓▓▓▓▓▓▓▓▓▓▓▓▓▓▓▓▓▓▓▓▓▓▓
.................................
▓▓▓▓▓▓▓▓▓▓▓▓▓▓▓▓▓▓▓▓▓▓▓▓▓▓▓▓▓▓▓▓▓
....)').).)..)))..)))))[[.......'


You could see an alligator snapping turtle, a satyr, a merfolk aquamancer, a
merfolk (distracted, ally target), a cyclops, a merfolk siren (mesmerising), a
harpy and a friendly lightning spire (summoned).

Vanquished Creatures
  A tengu conjurer (D)
  A hell hound (D)
  An ice beast (D)
  An ogre (D)
  A hound (D)
5 creatures vanquished.

Vanquished Creatures (collateral kills)
  A lich (D)
  A nagaraja (D)
  Nessos (D)
  An ettin (D)
  Harold (D)
  2 hydras (D)
  Erolcha (D)
  An ogre mage (D)
  A centaur warrior (D)
  A naga warrior (D)
  A deep troll shaman (D)
  2 tengu warriors (D)
  A naga sharpshooter (D)
  2 deep troll earth magi (D)
  A naga ritualist (D)
  A wizard (D)
  A harpy (shapeshifter) (D)
  A harpy (D)
  2 orc knights (D)
  8 orc sorcerers (D)
  A deep elf pyromancer (D)
  An ugly thing (D)
  A cyclops (D)
  A manticore (D)
  7 black mambas (D)
  An elephant (D)
  4 cane toads (D)
  An efreet (D)
  A komodo dragon (D)
  A blink frog (D)
  A slime creature (D)
  A wraith (D)
  3 yaks (D)
  A hog (shapeshifter) (D)
  2 wargs (D)
  A vampire mosquito (D)
  An acid dragon (D)
  A water moccasin (D)
  2 hell hounds (D)
  11 orc warriors (D)
  A black bear (shapeshifter) (D)
  A centaur (D)
  4 wolves (D)
  2 bullfrogs (D)
  A killer bee (D)
  4 orc priests (D)
  10 orc wizards (D)
  A worm (D)
  5 orcs (D)
  A bat (D)
  An endoplasm (D)
  A goblin (D)
  A hobgoblin (D)
  A frilled lizard (D)
108 creatures vanquished.

Vanquished Creatures (others)
  A shock serpent (D)
  A slime creature (D)
2 creatures vanquished.

Grand Total: 115 creatures vanquished

Notes
Turn   | Place    | Note
-------+----------+-------------------------------------------
     0 | D        | Heoruswealwe the Deep Elf Summoner began the quest for the
                  | Orb.
     0 | D        | Reached XP level 1. HP: 10/10 MP: 6/6
    20 | D        | Reached skill level 4 in Spellcasting
    21 | D        | Reached skill level 5 in Summonings
    33 | D        | Noticed a hound
    33 | D        | Noticed an ice beast
    33 | D        | Noticed an ogre
    36 | D        | Reached XP level 2. HP: 15/15 MP: 7/9
    39 | D        | Learned a level 2 spell: Call Imp
    49 | D        | Reached skill level 5 in Spellcasting
    69 | D        | Reached skill level 6 in Spellcasting
    69 | D        | Reached XP level 3. HP: 19/19 MP: 3/13
    75 | D        | Killed an ice beast
    76 | D        | Reached skill level 9 in Spellcasting
    76 | D        | Reached XP level 4. HP: 24/24 MP: 4/17
    81 | D        | Killed an ogre
    82 | D        | Reached skill level 11 in Spellcasting
    82 | D        | Reached skill level 10 in Summonings
    82 | D        | Reached XP level 5. HP: 28/28 MP: 5/20
   103 | D        | Learned a level 3 spell: Call Canine Familiar
   107 | D        | Learned a level 3 spell: Summon Guardian Golem
   112 | D        | Learned a level 4 spell: Summon Lightning Spire
   112 | D        | Found a snail-covered altar of Cheibriados.
   112 | D        | Found a shadowy altar of Dithmenos.
   112 | D        | Found a white marble altar of Elyvilon.
   112 | D        | Found a blossoming altar of Fedhas.
   112 | D        | Found an opulent altar of Gozag.
   113 | D        | Found a hazy altar of Hepliaklqana.
   114 | D        | Found a viscous altar of Jiyva.
   115 | D        | Found an ancient bone altar of Kikubaaqudgha.
   116 | D        | Found a corrupted altar of Lugonu.
   117 | D        | Found a burning altar of Makhleb.
   118 | D        | Found a sparkling altar of Nemelex Xobeh.
   119 | D        | Found an iron altar of Okawaru.
   120 | D        | Found a stormy altar of Qazlal.
   121 | D        | Found a sacrificial altar of Ru.
   122 | D        | Found a shimmering blue altar of Sif Muna.
   123 | D        | Found a bloodstained altar of Trog.
   124 | D        | Found a hide-covered altar of Uskayaw.
   125 | D        | Found a radiant altar of Vehumet.
   126 | D        | Found an ornate altar of the Wu Jian Council.
   127 | D        | Found a shimmering altar of Xom.
   128 | D        | Found a basalt altar of Yredelemnul.
   129 | D        | Found a glowing silver altar of Zin.
   140 | D        | Became a worshipper of Gozag Ym Sagoz the Greedy
   151 | D        | Found a glowing golden altar of the Shining One.
   193 | D        | Noticed a yak
   193 | D        | Noticed an acid dragon
   193 | D        | Noticed a wraith
   193 | D        | Noticed a centaur
   193 | D        | Noticed an orc warrior
   203 | D        | Killed a yak
   204 | D        | Reached skill level 13 in Spellcasting
   204 | D        | Reached XP level 6. HP: 32/32 MP: 7/24
   204 | D        | Killed an acid dragon
   205 | D        | Reached XP level 7. HP: 36/36 MP: 7/26
   207 | D        | Killed a wraith
   208 | D        | Reached skill level 15 in Spellcasting
   325 | D        | Noticed a tengu warrior
   325 | D        | Noticed a vampire mosquito
   325 | D        | Noticed a centaur warrior
   325 | D        | Noticed an efreet
   325 | D        | Noticed a slime creature
   325 | D        | Noticed a deep elf pyromancer
   334 | D        | Killed a slime creature
   339 | D        | Killed a vampire mosquito
   345 | D        | Noticed a fire elemental
   353 | D        | Killed an efreet
   354 | D        | Reached skill level 16 in Spellcasting
   354 | D        | Reached XP level 8. HP: 32/41 MP: 3/30
   361 | D        | Killed a tengu warrior
   362 | D        | Reached skill level 18 in Spellcasting
   362 | D        | Reached skill level 15 in Summonings
   362 | D        | Killed a centaur warrior
   363 | D        | Reached skill level 19 in Spellcasting
   363 | D        | Reached XP level 9. HP: 37/45 MP: 21/34
   366 | D        | Killed a deep elf pyromancer
   585 | D        | Noticed a cane toad
   585 | D        | Noticed a black mamba
   585 | D        | Noticed a cane toad
   585 | D        | Noticed a cane toad
   599 | D        | Killed a cane toad
   599 | D        | Killed a cane toad
   599 | D        | Killed a cane toad
   600 | D        | Reached skill level 20 in Spellcasting
   600 | D        | Killed a black mamba
   601 | D        | Reached skill level 21 in Spellcasting
   601 | D        | Reached XP level 10. HP: 41/50 MP: 25/37
   707 | D        | Noticed a black mamba
   707 | D        | Noticed an eight-headed hydra
   707 | D        | Noticed a cane toad
   719 | D        | Killed an eight-headed hydra
   719 | D        | Killed a black mamba
   719 | D        | Killed a cane toad
   720 | D        | Reached skill level 22 in Spellcasting
   747 | D        | Noticed a six-headed hydra
   748 | D        | Noticed a black mamba
   749 | D        | Noticed an elephant
   761 | D        | Killed a black mamba
   763 | D        | Killed a six-headed hydra
   763 | D        | Killed an elephant
   764 | D        | Reached skill level 23 in Spellcasting
   899 | D        | Reached XP level 11. HP: 19/54 MP: 31/40
  1026 | D        | Noticed Harold
  1052 | D        | Killed Harold
  1053 | D        | Reached skill level 24 in Spellcasting
  1069 | D        | Noticed Erolcha
  1093 | D        | Killed Erolcha
  1298 | D        | Noticed an orc knight
  1327 | D        | Killed an orc knight
  1401 | D        | Noticed an orc sorcerer
  1401 | D        | Noticed an orc knight
  1408 | D        | Killed an orc sorcerer
  1409 | D        | Reached skill level 1 in Fighting
  1409 | D        | Reached skill level 1 in Long Blades
  1411 | D        | Reached skill level 25 in Spellcasting
  1413 | D        | Killed an orc knight
  1599 | D        | Found Feam Nys's Antique Weapon Emporium.
  1599 | D        | Noticed an orc sorcerer
  1599 | D        | Noticed an orc sorcerer
  1608 | D        | Killed an orc sorcerer
  1609 | D        | Reached skill level 5 in Dodging
  1611 | D        | Killed an orc sorcerer
  1611 | D        | Killed an orc sorcerer
  1613 | D        | Noticed an orc sorcerer
  1619 | D        | Killed an orc sorcerer
  1632 | D        | Found Hobeh's Weapon Shoppe.
  1634 | D        | Found Qirch's Assorted Antiques.
  1636 | D        | Found Vilahee's Antique Armour Shoppe.
  1645 | D        | Noticed an orc sorcerer
  1664 | D        | Noticed a sun demon
  1665 | D        | Noticed an orc sorcerer
  1665 | D        | Killed an orc sorcerer
  1665 | D        | Killed an orc sorcerer
  1667 | D        | Noticed an orc sorcerer
  1668 | D        | Killed an orc sorcerer
  1902 | D        | Bought a scroll labelled YPRENUOSU for 19 gold pieces
  1902 | D        | Bought a scroll of identify for 38 gold pieces
  1902 | D        | Bought a scroll labelled DEYPOME LIEXIS for 19 gold pieces
  1902 | D        | Bought a scroll labelled GEUGOE TOMU for 19 gold pieces
  1902 | D        | Bought 2 scrolls labelled YPRENUOSU for 38 gold pieces
  1902 | D        | Bought a potion of curing for 57 gold pieces
  1902 | D        | Bought a scroll of amnesia for 76 gold pieces
  1902 | D        | Bought a potion of heal wounds for 95 gold pieces
  1904 | D        | Bought an embroidered hat for 133 gold pieces
  1912 | D        | Bought a scroll of enchant weapon for 105 gold pieces
  1912 | D        | Bought 3 scrolls of identify for 84 gold pieces
  1912 | D        | Bought a scroll of amnesia for 56 gold pieces
  1912 | D        | Bought a potion of curing for 42 gold pieces
  1912 | D        | Bought a potion of lignification for 42 gold pieces
  1912 | D        | Bought 2 potions of brilliance for 112 gold pieces
  1915 | D        | Bought a scroll of immolation for 48 gold pieces
  1915 | D        | Bought a scroll of identify for 24 gold pieces
  1915 | D        | Bought a scroll of fog for 48 gold pieces
  1915 | D        | Bought a scroll of identify for 24 gold pieces
  1915 | D        | Bought a scroll of torment for 114 gold pieces
  1915 | D        | Bought a scroll of magic mapping for 90 gold pieces
  1915 | D        | Bought a scroll of amnesia for 48 gold pieces
  1915 | D        | Bought a scroll of identify for 24 gold pieces
  1995 | D        | Bought a book of Dangerous Friends for 560 gold pieces
  1995 | D        | Bought a book of Cantrips for 168 gold pieces
  2003 | D        | Learned a level 7 spell: Spellforged Servitor
  2006 | D        | Bought a box of beasts for 520 gold pieces
  2006 | D        | Bought the +4 robe of Folly {Brill Will-∞ Int+8} for 578
                  | gold pieces
  2006 | D        | Found the +4 robe of Folly {Brill Will-∞ Int+8}
  2006 | D        | Bought a wand of light (4) for 218 gold pieces
  2185 | D        | Noticed a harpy
  2185 | D        | Noticed an ogre mage
  2185 | D        | Noticed a tengu warrior
  2197 | D        | Killed a harpy
  2198 | D        | Reached skill level 5 in Long Blades
  2198 | D        | Reached XP level 12. HP: 67/67 MP: 40/43
  2198 | D        | Killed an ogre mage
  2205 | D        | Reached skill level 5 in Fighting
  2205 | D        | Killed a tengu warrior
  2213 | D        | Noticed a deep troll earth mage
  2219 | D        | Killed a deep troll earth mage
  2220 | D        | Reached skill level 26 in Spellcasting
  2222 | D        | Noticed a deep troll shaman
  2223 | D        | Killed a deep troll shaman
  2238 | D        | Noticed a deep troll earth mage
  2247 | D        | Noticed an ettin
  2248 | D        | Killed a deep troll earth mage
  2258 | D        | Killed an ettin
  2298 | D        | Noticed a lich
  2348 | D        | HP: 3/71 [disintegration (29)]
  2349 | D        | Killed a lich
  2350 | D        | Reached skill level 10 in Dodging
  2518 | D        | Noticed Nessos
  2537 | D        | Killed Nessos
  2723 | D        | Noticed a nagaraja
  2742 | D        | Killed a nagaraja
  2751 | D        | Noticed a naga warrior
  2774 | D        | Killed a naga warrior
  2884 | D        | Reached skill level 27 in Spellcasting
  2890 | D        | Reached XP level 13. HP: 53/78 MP: 44/46
  3081 | D        | Demolished by an alligator snapping turtle

Illustrated notes

Levels and vault maps discovered:
D:        linesprint [early_d, line_temple, items_1, d_10, items_2, lair_1,
          lair_end, items_3, orc_1, orc_end, items_4, d_15, swamp_1, shoals_1,
          snake_1, spider_1, d_20, vaults_1, items_5, swamp_end, shoals_end,
          snake_end, spider_end, vaults_end, d_27, items_6, zot_1, zot_end,
          crypt_end, forest_end, elf_end, slime_end, tomb_end, abyss_end,
          pan_hell_end]

Skill      XL: |  1  2  3  4  5  6  7  8  9 10 11 12 |
---------------+-------------------------------------+-----
Spellcasting   | 4 6 9 11 13 16 19 21 23 25 27 | 27.0
Summonings     | 5 6 8 10 11 12 14 16 18 20 22 23 | 23.6
Fighting       | 4 8 |  8.1
Long Blades    | 5 8 |  8.9
Dodging        | 7 11 | 11.9
Stealth        | |  2.4

Action                     |  1- 3 |  4- 6 |  7- 9 | 10-12 | 13-15 || total
---------------------------+-------+-------+-------+-------+-------++-------
  Melee: Unarmed           |    10 |     5 |       |       |       ||    15
         Scimitar          |       |       |       |     9 |     2 ||    11
   Cast: Summon Small Mamm |     9 |       |       |       |       ||     9
         Summon Lightning  |       |     3 |    11 |    38 |     2 ||    54
         Call Canine Famil |       |     1 |     4 |    35 |     4 ||    44
         Summon Guardian G |       |       |       |     1 |       ||     1
 Invoke: Call Merchant     |       |       |       |     5 |       ||     5
    Use: Potion            |     1 |       |     1 |    15 |     3 ||    20
         Scroll            |       |       |     2 |     6 |       ||     8
   Stab: Distracted        |       |       |       |     1 |       ||     1
 Armour: Robe              |     1 |       |       |    11 |     4 ||    16
  Dodge: Dodged            |     6 |     2 |     1 |    12 |     7 ||    28
